 Dungeon Crawl Stone Soup version 0.22-a0-512-g0943f25 (webtiles) character file.

629 EazyBreezy the Slasher (level 7, -10/36 HPs)
             Began as a Vine Stalker Gladiator on June 17, 2018.
             Was an Initiate of Ashenzari.
             Killed by divine providence
             ... invoked by an orc priest
              (13 damage)
             ... on level 5 of the Dungeon.
             The game lasted 00:09:26 (3900 turns).

EazyBreezy the Slasher (Vine Stalker Gladiator)     Turns: 3900, Time: 00:09:27

Health: -10/36     AC:  4    Str: 17    XL:     7   Next: 48%
Magic:  0/8        EV: 14    Int:  8    God:    Ashenzari [......]
Gold:   283        SH:  0    Dex: 21    Spells: 6/6 levels left

rFire    . . .     SeeInvis .   a - +1 long sword
rCold    . . .     Gourm    .   (no shield)
rNeg     . . .     Faith    .   b - +0 leather armour
rPois    .         Spirit   +   c - +0 helmet
rElec    .         Reflect  .   (no cloak)
rCorr    .         Harm     .   (no gloves)
MR       .....                  (no boots)
Stlth    +++.......             s - amulet of rage
HPRegen  0.52/turn              (no ring)
MPRegen  0.11/turn              (no ring)

@: about to teleport
A: fangs 2, agile 2, regeneration 1, magic shield, antimagic bite, no potion
heal 3, rot immunity
a: Curse Item, Renounce Religion, Evoke Berserk Rage


You were on level 5 of the Dungeon.
You worshipped Ashenzari.
Ashenzari was noncommittal.
You were not hungry.

You visited 1 branch of the dungeon, and saw 5 of its levels.

You collected 283 gold pieces.

Inventory:

Hand Weapons
 a - a +1 long sword (weapon)
Missiles
 d - 3 throwing nets (quivered)
Armour
 b - a +0 leather armour (worn)
 c - a +0 helmet (worn)
Magical Staves
 r - an uncursed staff of energy
Jewellery
 m - an uncursed amulet of magic regeneration
 s - an amulet of rage (around neck)
Wands
 o - a wand of enslavement (12)
Scrolls
 e - a scroll of identify
 f - a scroll of fear
 g - a scroll of magic mapping
 h - 2 scrolls of teleportation
 n - 4 scrolls of remove curse
Potions
 i - a potion of flight {unknown}
 j - a potion of cancellation {unknown}
 l - a potion of curing {unknown}
Comestibles
 k - 4 rations


   Skills:
 * Level 3.0 Fighting
 * Level 5.3 Long Blades
 - Level 1.7 Throwing
 * Level 2.1 Armour
 * Level 3.5 Dodging
 * Level 3.3 Stealth
 * Level 1.1 Evocations


You had 6 spell levels left.
You didn't know any spells.
Your spell library was empty.

Dungeon Overview and Level Annotations

Branches:
Dungeon (5/15)
 Temple: D:4-7

Altars:
Ashenzari
Nemelex Xobeh


Innate Abilities, Weirdness & Mutations

You have extremely sharp teeth.
Your natural rate of healing is unusually fast.
When hurt, damage is shared between your health and your magic reserves.
Your bite disrupts and absorbs the magic of your enemies.
Potions cannot restore your health.
You are immune to rotting.
You are very agile. (Dex +4)


Message History

* * * LOW HITPOINT WARNING * * *
The orc priest closely misses you.
You hit the orc priest. You bite the orc priest. You drain its power.
You feel invigorated.
The orc priest is lightly wounded.
The orc priest hits you with a hand axe.
* * * LOW HITPOINT WARNING * * *
You barely miss the orc priest.
You bite the orc priest, but do no damage.
The orc priest is lightly wounded.
The orc priest calls upon Beogh to heal the orc priest.
The orc priest's wounds heal themselves!
The orc priest mumbles some strange prayers to Beogh against you.
Beogh smites you!
* * * LOW HITPOINT WARNING * * *
As you read the scroll of teleportation, it crumbles to dust.
You feel strangely unstable. The orc priest closely misses you.
The orc priest invokes the aid of Beogh against you.
Beogh smites you!
You die...

#.# #.# #.#
#.# #.# #.#
#.# #.# #@#
#.#
###o########
#...o.o.....
############


You could see 2 orc priests.

Vanquished Creatures
  A phantom (D:5)
  An ogre (D:5)
  A centaur zombie (D:5)
  2 orc priests
  A hound (D:4)
  2 iguanas
  3 worker ants
  3 gnolls (D:5)
  Robin (D:3)
  3 adders
  A shadow imp (D:3)
  A worm (D:3)
  3 dart slugs
  3 leopard geckos
  14 orcs
  3 giant cockroaches
  14 goblins
  14 hobgoblins
  10 jackals
  2 quokkas
  3 ball pythons (D:3)
  9 bats
  5 frilled lizards
  11 kobolds
  2 quokka skeletons (D:4)
  7 rats
120 creatures vanquished.

Notes
Turn   | Place    | Note
-------+----------+-------------------------------------------
     0 | D:1      | EazyBreezy the Vine Stalker Gladiator began the quest for the Orb.
     0 | D:1      | Reached XP level 1. HP: 11/11 MP: 2/2
   285 | D:1      | Reached XP level 2. HP: 15/15 MP: 3/3
   680 | D:1      | Reached skill level 3 in Long Blades
   748 | D:1      | Reached XP level 3. HP: 11/18 MP: 4/4
  1172 | D:2      | Reached skill level 1 in Stealth
  1370 | D:2      | Found a faded altar of an unknown god.
  1555 | D:2      | Gained mutation: Your natural rate of healing is unusually fast. [Vine Stalker growth]
  1555 | D:2      | Reached XP level 4. HP: 23/23 MP: 5/5
  1970 | D:3      | Reached skill level 1 in Armour
  2048 | D:3      | Noticed Robin
  2081 | D:3      | Reached XP level 5. HP: 26/26 MP: 6/6
  2089 | D:3      | Killed Robin
  2161 | D:3      | Found a shattered altar of Ashenzari.
  2294 | D:3      | Reached skill level 4 in Long Blades
  2698 | D:3      | Became a worshipper of Ashenzari the Shackled
  2820 | D:4      | Found a sparkling altar of Nemelex Xobeh.
  2989 | D:4      | Reached XP level 6. HP: 21/32 MP: 7/7
  3378 | D:4      | Gained mutation: You are agile. (Dex +2) [potion of mutation]
  3378 | D:4      | Gained mutation: You are very agile. (Dex +4) [potion of mutation]
  3380 | D:5      | Entered Level 5 of the Dungeon
  3383 | D:5      | Noticed a phantom
  3426 | D:5      | Killed a phantom
  3426 | D:5      | Reached XP level 7. HP: 34/35 MP: 8/8
  3590 | D:5      | Reached skill level 5 in Long Blades
  3692 | D:5      | Reached skill level 1 in Evocations
  3896 | D:5      | HP: 1/36 [orc priest/divine providence (6)]
  3900 | D:5      | Killed from afar by an orc priest

Vault maps used:
D:1:      dpeg_arrival_short_road, roderic_lattice_a
D:2:      chequers_ecumenical_altar_lobes, st_stairs_8
D:3:      marbit_many_paths, uniq_robin
D:4:      kennysheep_six_static_rooms, kennysheep_mini, first_ration
D:5:      nicolae_ru_path_of_blood, lemuel_flame_loot_1

Skill      XL: |  1  2  3  4  5  6  7 |
---------------+----------------------+-----
Long Blades    | 3 4 5 |  5.3
Fighting       | 2 3 |  3.0
Stealth        | 1 2 3 |  3.3
Dodging        | 3 |  3.5
Armour         | 1 2 |  2.1
Evocations     | 1 |  1.1
Throwing       | |  1.7

Action                   |  1- 3 |  4- 6 |  7- 9 || total
-------------------------+-------+-------+-------++-------
Melee: Long sword        |    86 |   182 |    38 ||   306
       Bite              |    29 |    75 |    24 ||   128
  Use: Scroll            |     1 |     8 |     1 ||    10
       Potion            |       |     1 |       ||     1
 Stab: Sleeping          |     2 |     3 |       ||     5
       Distracted        |       |     1 |       ||     1
  Eat: Ration            |     1 |     2 |       ||     3
Armor: Leather armour    |    35 |    37 |     3 ||    75
Dodge: Dodged            |    73 |   150 |    28 ||   251
       Rpst.: Long sword |    20 |    42 |    11 ||    73

Table legend:
 A = Spawn XP
 B = Non-spawn XP
 C = Spawn XP percentage of total XP
 D = Spawn monster count
 E = Non-spawn monster count
 F = Spawn count percentage of total count
 G = Total turns spent on level
                    A         B        C        D         E        F      G
               +---------+---------+-------+---------+---------+-------+---------
         Total |       0 |     899 |   0.0 |       0 |     120 |   0.0 |  3900
               +---------+---------+-------+---------+---------+-------+---------
           D:1 |       0 |      47 |   0.0 |       0 |      27 |   0.0 |  1151
           D:2 |       0 |      47 |   0.0 |       0 |      18 |   0.0 |   511
           D:3 |       0 |     139 |   0.0 |       0 |      40 |   0.0 |  1091
           D:4 |       0 |     213 |   0.0 |       0 |      22 |   0.0 |   627
           D:5 |       0 |     453 |   0.0 |       0 |      13 |   0.0 |   520
               +---------+---------+-------+---------+---------+-------+---------
